 Dungeon Crawl Stone Soup version 0.19.1-1-g22dce08 (webtiles) character file.

120 Pyrintofan the Sneak (level 4, -5/37 HPs)
             Began as a Draconian Assassin on Jan 17, 2017.
             Killed from afar by an orc wizard (7 damage)
             ... with a magic dart
             ... on level 4 of the Dungeon on Jan 18, 2017.
             The game lasted 00:25:05 (2813 turns).

Pyrintofan the Sneak (Draconian Assassin)           Turns: 2813, Time: 00:25:08

Health: -5/37      AC:  6    Str: 15    XL:     4   Next: 75%
Magic:  4/4        EV: 12    Int: 11    God:    Xom [*.....]
Gold:   179        SH:  0    Dex: 12    Spells: 0 memorised, 3 levels left

rFire  . . .     SeeInvis .     a - +2 dagger
rCold  . . .     Gourm    .     (armour unavailable)
rNeg   . . .     Faith    .     (no shield)
rPois  .         Spirit   .     (helmet restricted)
rElec  .         Reflect  .     c - +0 cloak
rCorr  .         Harm     .     (no gloves)
MR     .....                    (no boots)
Stlth  +++.......               (no amulet)
                                (no ring)
                                (no ring)

@: no status effects
A: unfitting armour, cold-blooded, AC +5
a: Renounce Religion


You were on level 4 of the Dungeon.
You worshipped Xom.
You were a special plaything of Xom.
You were not hungry.

You visited 1 branch of the dungeon, and saw 4 of its levels.

You collected 179 gold pieces.

Inventory:

Hand Weapons
 a - a +2 dagger (weapon)
 b - a +0 blowgun
 h - a +0 club
 k - a +0 dagger
 m - a +0 short sword
 o - a +0 mace
 p - a +0 short sword of speed
Missiles
 d - 22 poisoned needles
 e - 2 curare-tipped needles
 l - 16 arrows
 B - 34 bolts
Armour
 c - a +0 cloak (worn)
 f - a +0 robe
 C - a +0 robe
 I - a +0 leather armour of cold resistance
 K - a +0 leather armour
 L - a +0 ring mail
 M - a +0 leather armour
Jewellery
 s - an uncursed ring of ice {unknown}
 J - an uncursed amulet of magic regeneration {unknown}
Scrolls
 g - a scroll of magic mapping {unknown}
 n - 2 scrolls of noise
 q - 2 scrolls of amnesia {unknown}
 t - a scroll of fog {unknown}
 v - 6 scrolls of identify
 w - 2 scrolls of immolation {unknown}
 y - 2 scrolls of random uselessness {unknown}
 z - a scroll of remove curse {unknown}
 G - a scroll of recharging {unknown}
 H - a scroll of enchant armour {unknown}
 N - a scroll of fear {unknown}
 O - a scroll of teleportation {unknown}
Potions
 j - a potion of ambrosia {unknown}
 r - a potion of curing {unknown}
 x - a potion of agility {unknown}
 A - a potion of cancellation {unknown}
 D - a potion of brilliance {unknown}
 E - a potion of might {unknown}
 F - a potion of flight {unknown}
Comestibles
 i - 2 meat rations
 u - a slice of pizza


   Skills:
 + Level 2.5 Fighting
 + Level 3.1 Short Blades
 + Level 2.5 Throwing
 + Level 1.3 Dodging
 + Level 4.5 Stealth


You had 3 spell levels left.
You didn't know any spells.

Dungeon Overview and Level Annotations

Branches:
Dungeon (4/15)
 Temple: D:4-7

Altars:
Dithmenos
Fedhas
Kikubaaqudgha
Nemelex Xobeh
Xom


Innate Abilities, Weirdness & Mutations

Your plain brown scales are hard. (AC +5)
You cannot fit into any form of body armour.
You are cold-blooded and may be slowed by cold attacks.


Message History

The ogre closely misses you. The ogre closely misses you.
The ogre hits you with a giant club!
* * * LOW HITPOINT WARNING * * *
An orc wizard comes into view. It is wielding a dagger.
The orc wizard moves out of view.
The orc wizard shouts!
The orc wizard gestures wildly while chanting.
The orc wizard blinks!
An orc priest comes into view. It is wielding a flail of holy wrath.
The orc wizard points at you and mumbles some strange words.
You resist with some effort.
Xom guffaws.
You radiate an aura of cold.
The orc wizard seems to slow down.
The ogre seems to slow down.
The orc priest seems to slow down.
The orc priest shouts!
The orc wizard points at you and mumbles some strange words.
The magic dart hits you!
You die...
Xom chuckles heartily!

#....
....#.#..#
.....##
##.###...#
.....#
....#.#.##
.(..##
#.###o##.#
..... ..
#.....# ..##
#.##.....## .
#...[.....# .
####...o.O#
#. #..###@#
#.# #..# #.#
...## #..#
#.#
#.#######§.#
#.#
#..........#
#.#
#.###.###.†#
#.# ...## #.#
#<.# #.# ##.
##.###^.# #.#
#.
........###.#


You could see an ogre, an orc priest and an orc wizard.

Vanquished Creatures
  Terence (D:3)
  3 adders
  An ooze (D:2)
  3 dart slugs
  2 leopard geckos
  3 orcs (D:3)
  3 giant cockroaches
  6 hobgoblins
  4 jackals (D:2)
  5 kobolds
  A ball python (D:2)
  6 bats
  7 frilled lizards
  5 goblins
  4 rats (D:2)
54 creatures vanquished.

Vanquished Creatures (others)
  An orc priest (D:3)
  2 orcs (D:3)
3 creatures vanquished.

Grand Total: 57 creatures vanquished

Notes
Turn   | Place    | Note
-------+----------+-------------------------------------------
     0 | D:1      | Pyrintofan the Draconian Assassin began the quest for the Orb.
     0 | D:1      | Reached XP level 1. HP: 17/17 MP: 1/1
    48 | D:1      | Found a shimmering altar of Xom.
    77 | D:1      | Became a worshipper of Xom of Chaos
   217 | D:1      | Reached skill level 4 in Stealth
   534 | D:1      | Reached XP level 2. HP: 24/24 MP: 2/2
   558 | D:1      | XOM is BORED!
   558 | D:1      | XOM: harmless Fire miscast
   698 | D:1      | XOM: divination: magic mapping
   731 | D:1      | XOM: divination: detect creatures
   897 | D:1      | XOM: divination: magic mapping
   953 | D:2      | Found a blossoming altar of Fedhas.
   979 | D:2      | Reached skill level 1 in Dodging
  1047 | D:2      | XOM: god gift: scroll labeled NUEVEI FIROSIC {god gift}
  1074 | D:2      | Found a shadowy altar of Dithmenos.
  1093 | D:2      | Reached XP level 3. HP: 29/29 MP: 3/3
  1221 | D:2      | Found a shimmering altar of Xom.
  1221 | D:2      | Found an ancient bone altar of Kikubaaqudgha.
  1421 | D:3      | XOM: 1-stop teleportation journey
  1422 | D:3      | Noticed Terence
  1425 | D:3      | Killed Terence
  1425 | D:3      | Reached XP level 4. HP: 30/37 MP: 4/4
  1853 | D:3      | Found a sparkling altar of Nemelex Xobeh.
  1979 | D:3      | XOM is BORED!
  2065 | D:3      | XOM: harmless Necr miscast
  2218 | D:3      | XOM: summons 2 hostile demons
  2773 | D:4      | Noticed an ogre
  2777 | D:4      | XOM: noise
  2802 | D:4      | HP: 1/37 [ogre/giant club (12)]
  2813 | D:4      | XOM: cast spell 'Metabolic Englaciation'
  2813 | D:4      | Killed from afar by an orc wizard

Skill      XL: |  1  2  3  4 |
---------------+-------------+-----
Stealth        | 4 |  4.5
Throwing       | 2 |  2.5
Dodging        | 1 |  1.3
Short Blades   | 3 |  3.1
Fighting       | |  2.5

Action                   |  1- 3 |  4- 6 || total
-------------------------+-------+-------++-------
Melee: Dagger            |   102 |    55 ||   157
       Tailslap          |    14 |     8 ||    22
 Fire: Blowgun           |    13 |       ||    13
  Use: Scroll            |     1 |       ||     1
 Stab: Sleeping          |     3 |       ||     3
  Eat: Meat ration       |     1 |       ||     1
       Bread ration      |       |     1 ||     1
Armor: Skin              |    37 |    15 ||    52
Dodge: Dodged            |    64 |    40 ||   104
